Arrhythmia, chaotic female vampiric Convict ------.--- ...<_@(.$| |....{q..| .........| ---------- Arrhythmia the Jail-bird Experience level: 7 Strength: 15 Dexterity: 13 Constitution: 16 Intelligence: 12 Wisdom: 12 Charisma: 8 Health: 0(64) Energy: 49(49) AC: 9 Gold: 753 Moves: 2931 Your Inventory: Coins $ - 753 gold pieces Armor b - a cursed +0 striped shirt (being worn) g - an [uncursed] +0 slippery cloak [oilskin] (being worn) k - an [uncursed +0] pair of old gloves [leather] Scrolls f - a cursed scroll of identify h - an [uncursed] scroll labeled JUYED AWK YACC [of fire] i - an [uncursed] scroll labeled ETAOIN SHRDLU [of remove curse] s - an [uncursed] scroll labeled EIRIS SAZUN IDISI [of taming] u - an [uncursed] scroll labeled MAPIRO MAHAMA DIROMAT [of punishment] Potions l - an [uncursed] muddy potion [of gain energy] o - a [blessed] ruby potion [of hallucination] p - an [uncursed] silver potion [of object detection] r - an [uncursed] ruby potion [of hallucination] t - an [uncursed] sparkling potion [of restore ability] Wands e - an uncursed wand of polymorph (0:3) j - a [cursed] forked wand [of slow monster (0:6)] Tools n - an [uncursed] stethoscope Gems q - an [uncursed] orange gem [worthless glass] Iron balls c - an uncursed heavy iron ball (chained to you) (weapon in hand) Spells known in the end: Name Level Category Fail Memory Your skills at the end: Fighting Skills Weapon Skills sling [Basic / Skilled] Spellcasting Skills Final Attributes: You were piously aligned. Hunger level was 811. Your alignment was 24 / 24. Monster difficulty range was 1 - 7. Level difficulty was 8. You were immune to poison. You were immune to level-drain. You were immune to sickness. You were punished. You could fly. You could survive without air. You regenerated. Your luck was zero. You are dead. Vanquished creatures: a large dog a giant beetle a lizard a dog a dust vortex a rope golem a wood nymph a rock mole a yellow light a shrieker a giant ant 2 floating eyes a kitten a kobold shaman 3 rothes a centipede an orc zombie 2 iguanas 2 killer bees an acid blob a gas spore 3 manes 2 cave spiders a brown mold 2 garter snakes 2 geckos 4 jackals 2 foxes a grid bug a lichen 4 newts 48 creatures vanquished. Voluntary challenges: You went without food. You never hit with a wielded weapon. You read items or engraved 4 times. You put on armor 3 times. You never genocided any monsters. You never polymorphed an object. You never changed form. You used no wishes. You abstained from Elbereth's help. You never encountered a bones level. You never used any Sokoban shortcuts. Dungeon overview: The Dungeons of Doom: levels 1 to 8 Level 1 a fountain a long staircase Level 3 some fountains a long staircase Level 4 some fountains Level 5 some fountains Level 6 (Ninfa) Level 7 a fountain Level 8 <- You were here a fountain History has recorded: On T:1 you entered the Dungeons of Doom to retrieve the Amulet of Yendor! On T:271 you reached level 2 of The Dungeons of Doom. On T:410 you advanced to experience level 2. On T:732 you reached level 3 of The Dungeons of Doom. On T:750 you advanced to experience level 3. On T:1046 you advanced to experience level 4. On T:1112 you reached level 4 of The Dungeons of Doom. On T:1447 you reached level 5 of The Dungeons of Doom. On T:1493 you advanced to experience level 5. On T:1749 you reached level 6 of The Dungeons of Doom. On T:1793 you advanced to experience level 6. On T:2204 you reached level 7 of The Dungeons of Doom. On T:2689 you advanced to experience level 7. On T:2927 you reached level 8 of The Dungeons of Doom. Latest messages: [HP+1=64] The iguana bites! [HP-3=61] You miss the iguana. You bite the iguana. [HP+1=62] You miss the iguana. You bite the iguana. You kill the iguana! [HP+1=63] You see here an iguana corpse. [HP+1=64] Done exploring. Where do you want to travel to? You fly down along the stairs. You miss the mumak. (2x) The mumak butts! The mumak bites! [HP-41=23] You miss the mumak. (2x) The mumak butts! You die... Final status: Goodbye Arrhythmia the Convict... You died in The Dungeons of Doom on dungeon level 8 with 3856 points, and 753 pieces of gold, after 2931 moves. You were level 7 with a maximum of 64 hit points when you died.